 Dungeon Crawl Stone Soup version 0.17.0 (webtiles) character file.

91305 craggadee the Bludgeoner (level 15, -2/205 HPs)
             Began as a Minotaur Berserker on Nov 17, 2015.
             Was the Champion of Trog.
             Killed from afar by Nikola (30 damage)
             ... with a chain lightning
             ... on level 3 of the Swamp.
             The game lasted 01:00:14 (21622 turns).

craggadee the Bludgeoner (Minotaur Berserker)      Turns: 21622, Time: 01:00:14

Health: -2/205     AC: 27    Str: 36    XL:     15   Next: 54%
Magic:  14/14      EV: 12    Int:  4    God:    Trog [******]
Gold:   1623       SH: 18    Dex: 11    Spells: 0 memorised, 14 levels left

rFire  . . .     SeeInvis .     Q - +4 eveningstar (holy)
rCold  + . .     Clarity  .     y - +0 plate armour
rNeg   . . .     SustAt   .     i - +2 shield
rPois  +         Gourm    +     (helmet restricted)
rElec  .         Spirit   .     I - +2 cloak {rPois}
rCorr  .         Warding  .     J - +0 pair of gloves
rMut   .         Stasis   .     h - +2 pair of boots
MR     +....                    F - amulet of the gourmand
Stlth  ..........               D - +4 ring of strength
                                d - ring of protection from cold

@: berserking, very quick, somewhat resistant to hostile enchantments, extremely
unstealthy
A: retaliatory headbutt, horns 2, iridescent scales 1
a: Berserk, Trog's Hand, Brothers in Arms, Burn Spellbooks, Renounce Religion


You were on level 3 of the Swamp.
You worshipped Trog.
Trog was exalted by your worship.
You were full.

You visited 3 branches of the dungeon, and saw 22 of its levels.
You also visited: Sewer and Ice Cave.

You collected 1704 gold pieces.
You spent 81 gold pieces at shops.

Inventory:

Hand Weapons
 l - a +1 antimagic great mace
 z - a +3 morningstar of protection
 M - a +4 demon whip of venom
 Q - a +4 eveningstar of holy wrath (weapon)
Armour
 h - a +2 pair of boots (worn)
 i - a +2 shield (worn)
 y - a +0 plate armour (worn)
 I - a +2 cloak of poison resistance (worn)
 J - a +0 pair of gloves (worn)
Jewellery
 d - a ring of protection from cold (left hand)
 e - a +4 ring of protection {unknown}
 k - an uncursed ring of flight
 D - a +4 ring of strength (right hand)
 F - an amulet of the gourmand (around neck)
 R - a cursed ring of loudness {unknown}
 Y - an uncursed ring of protection from fire
Wands
 a - a wand of enslavement (11)
 n - a wand of heal wounds (3)
 p - a wand of digging (5)
 x - a wand of digging (9)
Scrolls
 f - a scroll of blinking
 g - 7 scrolls of remove curse
 m - 6 scrolls of fog
 o - 6 scrolls of magic mapping
 q - 8 scrolls of recharging
 r - 5 scrolls of teleportation
 K - 8 scrolls of identify
 N - a scroll of fear
 P - a scroll of enchant weapon
Potions
 s - 6 potions of might
 t - a potion of magic
 u - 2 potions of heal wounds
 v - 12 potions of curing
 w - 3 potions of cancellation
 A - 3 potions of agility
 C - a potion of flight
 G - 3 potions of resistance
 H - a potion of haste
 U - a potion of berserk rage
Miscellaneous
 E - a phial of floods
Comestibles
 b - 9 fruits
 c - 10 bread rations
 j - 21 royal jellies
 B - 28 beef jerkies
 L - 5 meat rations
 O - 4 slices of pizza


   Skills:
 * Level 13.6 Fighting
 * Level 19.4 Maces & Flails
 * Level 11.6 Armour
 * Level 9.4 Dodging
 * Level 16.4 Shields


You had 14 spell levels left.
You didn't know any spells.

Dungeon Overview and Level Annotations

Branches:
Dungeon (11/15)            Temple (0/1) D:7            Lair (8/8) D:10
  Swamp (3/4) Lair:3        Snake (0/4) Lair:5        Slime (0/6) Lair:6
    Orc (0/4) D:11

Altars:
Cheibriados
Dithmenos
Elyvilon
Fedhas
Gozag
Kikubaaqudgha
Nemelex Xobeh
Okawaru
Qazlal
Vehumet
Xom
Yredelemnul
Zin

Shops:
D:7 (   D:9 (

Annotations:
Lair:6 exclusion: 3 oklob plants
Swamp:3 Nikola


Innate Abilities, Weirdness & Mutations

You reflexively headbutt those who attack you in melee.
You have a pair of horns on your head.
You are partially covered in iridescent scales (AC +4).


Message History

The lightning arc hits Nikola.
Nikola asks, "Are you insulated?" You block Nikola's attack.
You hear a roar!
You sock Nikola! You headbutt Nikola!
Nikola is moderately wounded.
Unknown command.
You crush Nikola like a grape!!!
Nikola is heavily wounded.
Nikola yells, "Danger!
Danger!
High voltage!"
Nikola hits you but does no damage.
Unknown command.
You impale Nikola!!
Nikola is severely wounded.
Nikola gestures wildly while chanting.
You hear a mighty clap of thunder!
The lightning arc hits you!
* * * LOW HITPOINT WARNING * * *
The lightning arc hits Nikola.
The lightning arc hits you!
You die...

♣♣♣♣♣..≈≈.♣.≈≈≈♣♣♣.≈≈.≈≈.≈.
.≈≈..≈≈.≈..≈.≈♣♣♣..♣ .≈≈≈♣♣
≈≈≈.§≈≈.(≈.♣♣♣♣ ♣..##.≈≈≈.§
.§≈≈≈≈..≈≈.♣≈♣♣♣♣.#....≈..≈
..§≈....≈≈♣♣..♣♣..#.....≈≈.
≈≈≈.♣♣≈≈≈≈.≈≈.♣♣........♣≈.
♣..≈ ♣♣.≈≈≈≈≈§♣♣..#...≈...#
♣≈♣♣ ♣...≈≈≈.≈♣♣.#.......#
♣♣ ♣≈♣♣♣≈....@..######.#
♣♣♣≈..§..@≈..........
♣♣....≈≈.≈.♣♣....≈
♣♣♣≈≈≈≈≈≈.≈♣ ...♣
♣♣♣♣♣≈..≈≈§.≈≈.≈ ≈.♣
..≈≈≈≈≈≈≈≈..≈≈≈♣. ≈.
.(≈≈≈≈≈≈...≈.≈≈≈.≈ .
≈.≈≈≈≈≈≈≈≈♣≈≈≈.≈.
..≈≈≈§≈..≈≈≈♣♣♣.


You could see Nikola.

Vanquished Creatures
  A thorn hunter (Swamp:1)
  A frost giant (IceCv)
  A ghost crab (Swamp:3)
  11 hydras
  5 alligators
  A centaur warrior (D:10)
  A death yak (IceCv)
  The ghost of dsb250 the Thaumaturge, a novice SpEn of Okawaru (D:10)
  3 spriggan druids
  The ghost of tengen the Martial Artist, a novice OpMo of Makhleb (D:8)
  A shambling mangrove (Swamp:3)
  2 swamp dragons (Swamp:1)
  A manticore (D:9)
  An ugly thing (D:11)
  2 hill giants
  A cyclops (D:11)
  5 griffons
  19 elephants
  Joseph (D:9)
  A torpor snail (Lair:3)
  An ice statue (IceCv)
  6 black mambas
  20 spiny frogs
  9 komodo dragons
  A queen bee (D:9)
  4 fire drakes
  24 polar bears
  3 trolls
  2 giant leeches
  6 bog bodies
  2 two-headed ogres
  14 slime creatures
  2 raiju (Lair:8)
  8 blink frogs
  2 spriggans (Swamp:3)
  A wraith (D:10)
  56 yaks
  2 shadows
  A hungry ghost (D:10)
  A deep elf mage (D:11)
  A steam dragon (Lair:4)
  12 hippogriffs
  8 basilisks
  12 wyverns
  Menkaure (D:4)
  7 wargs (Lair:8)
  9 water moccasins
  9 porcupines
  10 swamp worms
  6 insubstantial wisps (Swamp:1)
  2 vampire mosquitoes (Swamp:1)
  26 wolves
  3 nagas (Lair:5)
  A soldier ant (D:11)
  4 hell hounds (Lair:8)
  5 ice beasts
  Duvessa (D:6)
  4 sky beasts
  A necrophage (D:10)
  2 phantoms
  5 orc warriors
  5 swamp drakes
  6 centaurs
  15 black bears
  17 crocodiles
  7 ogres
  6 wasps
  A big kobold (D:9)
  Blork the orc (D:6)
  22 giant frogs
  Dowan (D:6)
  34 killer bees
  A scorpion (D:11)
  2 electric eels
  5 wights (D:11)
  2 quasits (D:10)
  4 crimson imps
  21 hounds
  5 jellies
  5 orc wizards
  Crazy Yiuf (D:5)
  6 iguanas
  6 orc priests
  A giant frog skeleton (D:8)
  Jessica (D:2)
  2 centaur skeletons (D:6)
  7 worker ants
  4 sheep (Lair:5)
  A hound zombie (D:8)
  2 hound skeletons
  48 river rats
  18 adders
  5 shadow imps
  5 oozes
  A worm (D:2)
  37 orcs
  13 ball pythons
  8 giant cockroaches
  3 goblins
  6 hobgoblins
  24 jackals
  5 quokkas
  7 bats
  8 giant geckos
  2 giant gecko skeletons
  10 giant newts
  A jackal skeleton (D:8)
  6 kobolds
  A quokka skeleton (D:4)
  30 rats
  2 plants (Lair:6)
785 creatures vanquished.

Vanquished Creatures (collateral kills)
  A thorn hunter (Swamp:3)
  A swamp dragon (Swamp:3)
  2 blink frogs (Swamp:3)
  4 slime creatures (Swamp:3)
8 creatures vanquished.

Vanquished Creatures (others)
  8 fungi
  10 plants
18 creatures vanquished.

Grand Total: 811 creatures vanquished

Notes
Turn   | Place    | Note
--------------------------------------------------------------
     0 | D:1      | craggadee the Minotaur Berserker began the quest for the Orb.
     0 | D:1      | Reached XP level 1. HP: 19/19 MP: 0/0
    66 | D:1      | Reached skill level 4 in Maces & Flails
   167 | D:1      | Reached XP level 2. HP: 16/27 MP: 1/1
   706 | D:1      | Reached skill level 5 in Maces & Flails
   706 | D:1      | Reached XP level 3. HP: 25/33 MP: 2/2
   807 | D:1      | Reached ** piety under Trog
  1120 | D:2      | Found a snail-covered altar of Cheibriados.
  1256 | D:2      | Noticed Jessica
  1259 | D:2      | Killed Jessica
  1259 | D:2      | Reached skill level 6 in Maces & Flails
  1259 | D:2      | Reached XP level 4. HP: 37/40 MP: 3/3
  1428 | D:2      | Found an opulent altar of Gozag.
  1643 | D:3      | Reached XP level 5. HP: 40/46 MP: 4/4
  1644 | D:3      | Reached skill level 1 in Shields
  1932 | D:3      | Reached *** piety under Trog
  2082 | D:3      | You fall through a shaft for 3 floors!
  2096 | D:6      | Noticed an orc warrior
  2107 | D:6      | Reached skill level 7 in Maces & Flails
  2112 | D:6      | Killed an orc warrior
  2117 | D:6      | Reached XP level 6. HP: 52/52 MP: 5/5
  2221 | D:6      | Noticed a water moccasin
  2236 | D:6      | Killed a water moccasin
  2236 | D:6      | Reached skill level 8 in Maces & Flails
  2249 | D:6      | Found a blossoming altar of Fedhas.
  2258 | D:6      | Found an ancient bone altar of Kikubaaqudgha.
  2269 | D:6      | Reached XP level 7. HP: 16/58 MP: 6/6
  2436 | D:5      | Entered Level 5 of the Dungeon
  2440 | D:5      | Reached skill level 9 in Maces & Flails
  2498 | D:5      | Found a glowing silver altar of Zin.
  2509 | D:4      | Found a glowing drain.
  2532 | Sewer    | Entered a sewer
  2652 | Sewer    | Reached **** piety under Trog
  2922 | Sewer    | Reached skill level 5 in Shields
  3064 | D:4      | Noticed Menkaure
  3150 | D:3      | Reached ***** piety under Trog
  3452 | D:4      | Reached XP level 8. HP: 52/66 MP: 7/7
  3538 | D:4      | Killed Menkaure
  3538 | D:4      | Reached skill level 10 in Maces & Flails
  4141 | D:5      | Found a white marble altar of Elyvilon.
  4369 | D:5      | Noticed Crazy Yiuf
  4374 | D:5      | Killed Crazy Yiuf
  4523 | D:5      | Reached skill level 11 in Maces & Flails
  5079 | D:6      | Reached skill level 12 in Maces & Flails
  5088 | D:6      | Noticed Blork the orc
  5089 | D:6      | Noticed Duvessa
  5091 | D:6      | Noticed Dowan
  5093 | D:6      | Killed Blork the orc
  5097 | D:6      | Killed Duvessa
  5101 | D:6      | Killed Dowan
  5106 | D:6      | Found a shimmering altar of Xom.
  5146 | D:6      | Noticed a phantom
  5162 | D:6      | Killed a phantom
  5162 | D:6      | Reached XP level 9. HP: 66/71 MP: 8/8
  5445 | D:7      | Reached skill level 13 in Maces & Flails
  5655 | D:7      | Found a staircase to the Ecumenical Temple.
  5716 | D:7      | Found a basalt altar of Yredelemnul.
  5958 | D:7      | Reached skill level 14 in Maces & Flails
  5976 | D:7      | Found a basalt altar of Yredelemnul.
  5989 | D:7      | Found Pesonede's Antique Weapon Shoppe.
  6131 | D:7      | Reached skill level 15 in Maces & Flails
  6669 | D:8      | Received a gift from Trog
  6977 | D:8      | Noticed tengen's ghost (novice OpMo)
  6991 | D:8      | Killed tengen's ghost
  6991 | D:8      | Reached XP level 10. HP: 78/78 MP: 9/9
  7033 | D:8      | Found an iron altar of Okawaru.
  7034 | D:8      | Found a radiant altar of Vehumet.
  7038 | D:8      | Found a stormy altar of Qazlal.
  7244 | D:8      | Found a sparkling altar of Nemelex Xobeh.
  7532 | D:9      | Reached skill level 5 in Fighting
  7832 | D:9      | Noticed a manticore
  7844 | D:9      | Killed a manticore
  7959 | D:9      | Found a shadowy altar of Dithmenos.
  8002 | D:9      | Noticed Joseph
  8026 | D:9      | Killed Joseph
  8026 | D:9      | Reached skill level 5 in Armour
  8298 | D:9      | Found Vuilelyst's Antique Weapon Emporium.
  8301 | D:9      | Bought a runed mace for 81 gold pieces
  8367 | D:9      | Reached ****** piety under Trog
  8479 | D:9      | Gained mutation: You are partially covered in iridescent scales (AC +4). [potion of mutation]
  8479 | D:9      | Gained mutation: You are weak. (Str -2) [potion of mutation]
  8479 | D:9      | Gained mutation: You have sharp toenails. [potion of mutation]
  8482 | D:9      | Lost mutation: You are weak. (Str -2) [potion of cure mutation]
  8482 | D:9      | Lost mutation: You have sharp toenails. [potion of cure mutation]
  8537 | D:10     | Entered Level 10 of the Dungeon
  8546 | D:10     | Reached XP level 11. HP: 91/91 MP: 10/10
  8772 | D:10     | Noticed a hill giant
  8781 | D:10     | Killed a hill giant
  8871 | D:10     | Noticed dsb250's ghost (novice SpEn)
  8910 | D:10     | Killed dsb250's ghost
  8926 | D:10     | Reached skill level 10 in Shields
  8944 | D:10     | Found a staircase to the Lair.
  9267 | D:10     | Noticed a centaur warrior
  9282 | D:10     | Killed a centaur warrior
  9464 | D:10     | Received a gift from Trog
  9468 | D:10     | Reached skill level 16 in Maces & Flails
  9871 | D:11     | Found a staircase to the Orcish Mines.
  9962 | D:11     | Reached skill level 5 in Dodging
  9966 | D:11     | Reached XP level 12. HP: 57/103 MP: 11/11
 10126 | D:11     | Noticed a hill giant
 10135 | D:11     | Killed a hill giant
 10427 | Lair:1   | Entered Level 1 of the Lair of Beasts
 11398 | Lair:2   | Found a radiant altar of Vehumet.
 11786 | Lair:3   | Found a staircase to the Swamp.
 11944 | Lair:3   | Found a runed door.
 11985 | Lair:3   | Noticed a six-headed hydra
 11998 | Lair:3   | Killed a six-headed hydra
 12293 | Lair:4   | Received a gift from Trog
 12572 | Lair:4   | Reached skill level 10 in Fighting
 12832 | Lair:4   | Reached XP level 13. HP: 114/114 MP: 12/12
 13149 | Lair:4   | Received a gift from Trog
 13568 | Lair:5   | Found a basalt altar of Yredelemnul.
 13670 | Lair:5   | Reached skill level 17 in Maces & Flails
 13968 | Lair:5   | Found a staircase to the Snake Pit.
 14731 | Lair:6   | Identified a cursed +1 rod of clouds (10/10) (You found it on level 6 of the Lair of Beasts)
 15118 | Lair:6   | Found a staircase to the Slime Pits.
 15578 | Lair:7   | Received a gift from Trog
 15585 | Lair:7   | Reached skill level 10 in Armour
 15592 | Lair:7   | Found a frozen archway.
 15612 | IceCv    | Entered an ice cave
 15815 | IceCv    | Reached XP level 14. HP: 115/126 MP: 13/13
 16182 | IceCv    | Noticed a frost giant
 16209 | IceCv    | Killed a frost giant
 16209 | IceCv    | Reached skill level 18 in Maces & Flails
 16237 | IceCv    | Received a gift from Trog
 17392 | Lair:7   | Reached skill level 15 in Shields
 17451 | Lair:8   | Entered Level 8 of the Lair of Beasts
 17981 | Lair:8   | Received a gift from Trog
 18431 | Lair:8   | Received a gift from Trog
 19018 | Swamp:1  | Entered Level 1 of the Swamp
 19181 | Swamp:1  | Noticed a thorn hunter
 19199 | Swamp:1  | Killed a thorn hunter
 19260 | Swamp:1  | Reached XP level 15. HP: 115/135 MP: 14/14
 19359 | Swamp:1  | Reached skill level 19 in Maces & Flails
 21089 | Swamp:2  | Received a gift from Trog
 21408 | Swamp:3  | Noticed a thorn hunter
 21422 | Swamp:3  | Killed a thorn hunter
 21603 | Swamp:3  | Noticed Nikola
 21622 | Swamp:3  | Killed from afar by Nikola

Action                   |  1- 3 |  4- 6 |  7- 9 | 10-12 | 13-15 || total
-------------------------+-------+-------+-------+-------+-------++-------
Melee: Mace              |    74 |    98 |   528 |   503 |       ||  1203
       Flail             |       |       |       |   192 |       ||   192
       Morningstar       |       |       |       |    51 |   704 ||   755
       Demon whip        |       |       |       |       |   232 ||   232
       Eveningstar       |       |       |       |       |   324 ||   324
Invok: Berserk           |     2 |     3 |    12 |    13 |    19 ||    49
       Burn Spellbooks   |       |       |     1 |     1 |     3 ||     5
       Brothers in Arms  |       |       |       |       |     1 ||     1
  Use: Scroll            |       |       |    12 |    11 |    12 ||    35
       Potion            |       |       |       |    15 |     4 ||    19
  Eat: Chunk             |     3 |     5 |    34 |    35 |    38 ||   115
       Pizza             |       |     1 |       |       |       ||     1
       Beef jerky        |       |       |     2 |       |       ||     2
       Bread ration      |       |       |     1 |       |       ||     1
       Fruit             |       |       |       |       |    10 ||    10
